 Dungeon Crawl Stone Soup version 0.31.0-32-g396128a36d (webtiles) character file.

Game seed: 13962880276195408555

189 CrypticCrinoid the Chopper (level 5, 0/47 HPs)
             Began as a Minotaur Berserker on Mar 31, 2024.
             Was a Believer of Trog.
             Splashed by a jelly's acid (4 damage)
             ... on level 4 of the Dungeon.
             The game lasted 00:06:19 (2741 turns).

CrypticCrinoid the Chopper (Minotaur Berserker)     Turns: 2741, Time: 00:06:20

Health: 0/47       AC: -3    Str: 23    XL:     5   Next: 40%
Magic:  0/4        EV: 11    Int:  4    God:    Trog [**....]
Gold:   136        SH:  0    Dex: 10    Spells: 4/4 levels left

rFire   . . .        o - +0 war axe
rCold   . . .        (no shield)
rNeg    . . .        c - +0 ring mail
rPois   .            (helmet restricted)
rElec   .            s - +1 cloak {Stlth+}
rCorr   .            (no gloves)
SInv    .            (no boots)
Will    .....        d - amulet of guardian spirit
Stlth   +            (no ring)
HPRegen 0.27/turn    (no ring)
MPRegen 0.09/turn

%: guardian spirit
@: corroded
A: horns 2, retaliatory headbutt
a: Renounce Religion, Berserk, Trog's Hand


You were on level 4 of the Dungeon.
You worshipped Trog.
Trog was pleased with you.
You visited 1 branch of the dungeon, and saw 4 of its levels.

You collected 234 gold pieces.
You spent 98 gold pieces at shops.

Inventory:

Hand Weapons
 a - a +0 hand axe
 o - a +0 war axe (weapon)
Armour
 c - a +0 ring mail (worn)
 s - a +1 cloak of stealth (worn)
Jewellery
 d - an amulet of guardian spirit (around neck)
 f - a ring of ice
 n - a ring of protection from fire
Wands
 b - a wand of roots (12)
 q - a wand of charming (1)
Scrolls
 j - a scroll of poison {unknown}
 l - 2 scrolls of torment {unknown}
 r - 6 scrolls of identify
Potions
 e - a potion of berserk rage {unknown}
 g - a potion of haste
 h - a potion of mutation
 i - 2 potions of heal wounds
 k - a potion of brilliance {unknown}
 m - a potion of cancellation {unknown}
 p - a potion of ambrosia {unknown}


   Skills:
 * Level 4.9 Fighting
 * Level 5.2 Axes
 * Level 4.0 Armour
 * Level 3.0 Dodging


You had 4 spell levels left.
You didn't know any spells.
Your spell library was empty.

Dungeon Overview and Level Annotations

Branches:
Dungeon (4/15)             Temple (0/1) D:4

Altars:
Ashenzari

Shops:
D:3 *


Innate Abilities, Weirdness & Mutations

You have a pair of horns on your head.
You reflexively headbutt those who attack you in melee.


Message History

Found a stone staircase leading up.
There is an open door here.
The helpless jelly fails to defend itself.
You slice the jelly!!
You kill the jelly!
Trog accepts your kill.
Your Armour skill increases to level 4!
Your Dodging skill increases to level 3!
You open the door.
You hear a distant slurping noise.
There is an open door here.
Found a leather armour.
You see here a +0 leather armour.
You open the door.
A jelly comes into view.
There is an open door here.
You see here a scroll labelled WYDIES OKAI.
You hit the jelly.
Your hands burn!
The jelly is lightly wounded.
The jelly hits you. The acid corrodes you!
You are splashed with acid!
You hit the jelly.
Your hands burn!
The jelly is moderately wounded.
The jelly completely misses you.
You hit the jelly but do no damage. The acid corrodes you!
Your hands burn!
The jelly is moderately wounded.
The jelly barely misses you.
You slash the jelly!
Your hands burn!
The jelly is moderately wounded.
The jelly barely misses you.
You slash the jelly! The acid corrodes you!
Your hands burn!
The jelly is heavily wounded.
The jelly hits you.
You are splashed with acid.
The jelly hits you.
You are splashed with acid!
* * * LOW HITPOINT WARNING * * *
You hit the jelly.
Your hands burn!
* * * LOW HITPOINT WARNING * * *
The jelly is heavily wounded.
The jelly misses you. You furiously retaliate!
You headbutt the jelly. You hit the jelly but do no damage.
Your hands burn!
You die...

.......###.###.......
.......#.....#.......
.......#.............
.......#.....#.......
.......#.....#.......
.......#.....#######.
.......#.....#....?#
.......#.....'?....#
.......#.....#..@..#
.......#.....#..J..#
.......#.....##...##
.......#####+####.#
.......# ... .......#
.#.. .......# .#..
.......# .# .
.......#


You could see a jelly.

Vanquished Creatures
  A jelly (D:4)
  Crazy Yiuf (D:3)
  Ijyb (D:3)
  4 adders
  2 dart slugs
  A ribbon worm (D:3)
  10 orcs
  5 ball pythons
  A bat (D:3)
  2 endoplasms
  4 goblins
  4 hobgoblins
  4 jackals (D:2)
  2 kobolds
  4 quokkas
  3 frilled lizards
  5 rats
54 creatures vanquished.

Notes
Turn   | Place    | Note
-------+----------+-------------------------------------------
     0 | D:1      | CrypticCrinoid the Minotaur Berserker began the quest for
                  | the Orb.
     0 | D:1      | Reached XP level 1. HP: 19/19 MP: 0/0
   533 | D:1      | Reached XP level 2. HP: 26/27 MP: 1/1
   559 | D:1      | Reached skill level 4 in Axes
   834 | D:2      | Found a broken altar of Ashenzari.
   871 | D:2      | Reached XP level 3. HP: 25/33 MP: 2/2
  1248 | D:2      | Reached ** piety under Trog
  1486 | D:3      | Found Faghih's General Store.
  1493 | D:3      | Bought a scroll of identify for 28 gold pieces
  1493 | D:3      | Bought a potion of heal wounds for 70 gold pieces
  1579 | D:3      | Reached XP level 4. HP: 41/41 MP: 3/3
  2079 | D:3      | Noticed Ijyb
  2105 | D:3      | Killed Ijyb
  2362 | D:3      | Found a runed translucent door.
  2363 | D:3      | Noticed Crazy Yiuf
  2373 | D:3      | Killed Crazy Yiuf
  2374 | D:3      | Reached skill level 5 in Axes
  2374 | D:3      | Reached XP level 5. HP: 37/47 MP: 2/4
  2598 | D:4      | Found a staircase to the Ecumenical Temple.
  2741 | D:4      | Splashed by a jelly's acid

Illustrated notes

Levels and vault maps discovered:
D:1:      zaba_arrival_water, layout_basic
D:2:      layout_loops_ring, basic_altar, kennysheep_nub
D:3:      layout_loops_ring, serial_shops, nicolae_shop_advertising_works
          [nicolae_subvault_shop_adworks], grunt_decor_one_mirror,
          minmay_cupped, uniq_crazy_yiuf_cottage, uniq_ijyb
D:4:      layout_gridville, nicolae_ru_path_of_blood,
          minmay_temple_entry_offerings

Skill      XL: |  1  2  3  4  5 |
---------------+----------------+-----
Fighting       | 4 |  4.9
Axes           | 4 5 |  5.2
Armour         | 3 4 |  4.0
Dodging        | 3 |  3.0

Action                     |  1- 3 |  4- 6 || total
---------------------------+-------+-------++-------
  Melee: Hand axe          |    73 |    31 ||   104
         Headbutt          |     7 |    10 ||    17
         War axe           |       |    32 ||    32
 Invoke: Berserk           |       |     2 ||     2
    Use: Scroll            |     2 |       ||     2
   Stab: Sleeping          |       |     1 ||     1
 Armour: Ring mail         |    45 |    43 ||    88
         Animal skin       |     3 |       ||     3
  Dodge: Dodged            |    41 |    30 ||    71
